 Dungeon Crawl Stone Soup version 0.21-a0-625-g1119ec1 (webtiles) character file.

170 sugabear the Insei (level 5, 0/40 HPs)
             Began as a Draconian Transmuter on Dec 24, 2017.
             Succumbed to arthad's ghost's poison
             ... on level 3 of the Dungeon.
             The game lasted 00:05:58 (2640 turns).

sugabear the Insei (Draconian Transmuter)           Turns: 2640, Time: 00:05:58

Health: 0/40       AC:  2    Str: 17    XL:     5   Next: 26%
Magic:  1/9        EV: 20    Int: 14    God:
Gold:   93         SH:  0    Dex: 17    Spells: 4/10 levels left

rFire    . . .     SeeInvis .     - Unarmed
rCold    . . .     Gourm    .   (shield currently unavailable)
rNeg     . . .     Faith    .   (armour unavailable)
rPois    x         Spirit   .   (helmet currently unavailable)
rElec    .         Reflect  .   (cloak currently unavailable)
rCorr    .         Harm     .   (gloves currently unavailable)
MR       .....                  (boots currently unavailable)
Stlth    ++........             (no amulet)
HPRegen  0.13/turn              (no ring)
MPRegen  0.11/turn              (no ring)

@: mighty, lethally poisoned (0 -> -9), spider-form (expiring)
A: tiny, unfitting armour, AC +5
a: End Transformation


You were on level 3 of the Dungeon.
You were hungry.
You were a venomous arachnid creature.
You visited 1 branch of the dungeon, and saw 3 of its levels.

You collected 93 gold pieces.

Inventory:

Hand Weapons
 h - a +0 dagger of freezing
 m - a +2 whip of electrocution
Missiles
 a - 29 arrows
Armour
 n - a +0 pair of boots (melded)
Jewellery
 l - a +1 ring of evasion {unknown}
Wands
 k - a wand of iceblast (4)
Scrolls
 d - a scroll of noise {unknown}
 e - 3 scrolls of teleportation {unknown}
 f - a scroll of enchant armour {unknown}
 i - 4 scrolls of identify {unknown}
 j - a scroll of fear {unknown}
Books
 b - a book of Changes

   Spells                             Type                      Level
   a - Beastly Appendage              Transmutation                1
   b - Sticks to Snakes               Transmutation                2
   c - Spider Form                    Transmutation/Poison         3
   d - Ice Form                       Ice/Transmutation            4
   e - Blade Hands                    Transmutation                5
Comestibles
 c - 4 rations


   Skills:
 + Level 1.3 Fighting
 + Level 2.1 Dodging
 + Level 0.9 Stealth
 + Level 4.1 Unarmed Combat
 + Level 3.0 Spellcasting
 + Level 2.9 Transmutations
 + Level 1.4 Poison Magic


You had 4 spell levels left.
You knew the following spells:

 Your Spells              Type           Power        Failure   Level  Hunger
a - Beastly Appendage     Tmut           ##....       17%         1    #......
b - Sticks to Snakes      Tmut           ##......     24%         2    ##.....
c - Spider Form           Tmut/Pois      #.........   47%         3    ###....


Dungeon Overview and Level Annotations

Branches:
Dungeon (3/15)

Altars:
Fedhas
Kikubaaqudgha
Xom
The Shining One


Innate Abilities, Weirdness & Mutations

((Your plain brown scales are hard. (AC +5)))
You cannot fit into any form of body armour.
((You are cold-blooded and may be slowed by cold attacks.))


Message History

Your +0 pair of boots melds into your body.
* * * LOW HITPOINT WARNING * * *
You feel sick.
* * * LOW HITPOINT WARNING * * *
You feel sick.
Your ball python withers and dies!
* * * LOW HITPOINT WARNING * * *
You feel sick.
* * * LOW HITPOINT WARNING * * *
You feel sick.
* * * LOW HITPOINT WARNING * * *
You feel sick.
Your transformation is almost over.
* * * LOW HITPOINT WARNING * * *
You feel sick.
* * * LOW HITPOINT WARNING * * *
You feel sick.
* * * LOW HITPOINT WARNING * * *
You feel sick.
You die...

.#.###.# #.# ##.## #.(# #.
.#.###.###.####...## #..# #.
.............#.###.####..#######.
.#..##.#####..# ##............#.
##..## # ...# #.....####.#.#.
##..# #.#.# ##..#..####.#.#.
##..# ...##.###...#†.##.......
##..# ## #............#.######
##..# ###.##s....#.....#.## ##..#
#........)....#.#....### #
#.##.####.#####.#....... # #
#.#####.#....... #
#.......#.....). #
#######.#....... # #.#....... #
#.##...... # #.##......


There were no monsters in sight!

Vanquished Creatures
  3 gnolls (D:3)
  3 adders (D:2)
  An ooze (D:3)
  A worm (D:3)
  2 dart slugs
  5 leopard geckos
  3 orcs (D:3)
  2 giant cockroaches
  8 goblins
  6 hobgoblins
  7 jackals
  7 bats
  4 frilled lizards
  9 kobolds
  6 rats
67 creatures vanquished.

Vanquished Creatures (collateral kills)
  The ghost of arthad the Skirmisher, a weakling GrMo (D:3)
1 creature vanquished.

Grand Total: 68 creatures vanquished

Notes
Turn   | Place    | Note
-------+----------+-------------------------------------------
     0 | D:1      | sugabear the Draconian Transmuter began the quest for the Orb.
     0 | D:1      | Reached XP level 1. HP: 16/16 MP: 3/3
   172 | D:1      | Reached XP level 2. HP: 15/23 MP: 1/5
   781 | D:1      | Reached XP level 3. HP: 21/28 MP: 3/6
  1059 | D:2      | Learned a level 2 spell: Sticks to Snakes
  1063 | D:2      | Learned a level 3 spell: Spider Form
  1375 | D:2      | Found a glowing golden altar of the Shining One.
  1376 | D:2      | Found an ancient bone altar of Kikubaaqudgha.
  1386 | D:2      | Found a blossoming altar of Fedhas.
  1514 | D:2      | Reached XP level 4. HP: 29/35 MP: 5/7
  1580 | D:2      | Reached skill level 1 in Poison Magic
  2059 | D:3      | Found a shimmering altar of Xom.
  2324 | D:3      | Reached skill level 4 in Unarmed Combat
  2324 | D:3      | Reached XP level 5. HP: 18/40 MP: 2/9
  2594 | D:3      | Noticed arthad's ghost (weakling GrMo)
  2618 | D:3      | Killed arthad's ghost
  2638 | D:3      | HP: 2/40 [poisoned by arthad's ghost]
  2640 | D:3      | Succumbed to arthad's ghost's poison

Vault maps used:
D:1:      saegor_arrival_simple_b, grunt_decor_one_mirror
D:2:      grunt_temple_overflow_open, minmay_misc_feat_x,
          kennysheep_generic_room_16
D:3:      lemuel_coloured_pillars_altar, solitary_fountain, xom_teletrap_fun

Skill      XL: |  1  2  3  4  5 |
---------------+----------------+-----
Poison Magic   | 1 |  1.4
Dodging        | 2 |  2.1
Unarmed Combat | 4 |  4.1
Spellcasting   | 3 |  3.0
Fighting       | |  1.3
Stealth        | |  0.9
Transmutations | |  2.9

Action                   |  1- 3 |  4- 6 || total
-------------------------+-------+-------++-------
Melee: Unarmed           |   122 |    77 ||   199
       Kick              |     9 |       ||     9
       Tailslap          |     4 |     2 ||     6
       Headbutt          |     7 |     2 ||     9
       Punch             |       |     1 ||     1
 Cast: Beastly Appendage |    31 |     7 ||    38
       Spider Form       |       |     8 ||     8
       Sticks to Snakes  |       |     3 ||     3
  Use: Potion            |       |     3 ||     3
 Stab: Sleeping          |       |     1 ||     1
  Eat: Chunk             |     3 |     4 ||     7
Armor: Skin              |    32 |    22 ||    54
Dodge: Dodged            |    88 |    84 ||   172

Table legend:
 A = Spawn XP
 B = Non-spawn XP
 C = Spawn XP percentage of total XP
 D = Spawn monster count
 E = Non-spawn monster count
 F = Spawn count percentage of total count
 G = Total turns spent on level
                    A         B        C        D         E        F      G
               +---------+---------+-------+---------+---------+-------+---------
         Total |       0 |     244 |   0.0 |       0 |      68 |   0.0 |  2640
               +---------+---------+-------+---------+---------+-------+---------
           D:1 |       0 |      50 |   0.0 |       0 |      28 |   0.0 |  1047
           D:2 |       0 |      69 |   0.0 |       0 |      20 |   0.0 |   774
           D:3 |       0 |     125 |   0.0 |       0 |      20 |   0.0 |   819
               +---------+---------+-------+---------+---------+-------+---------
